 Dungeon Crawl Stone Soup version 0.29-a0-39-g581ba40fa7 (webtiles) character file.

Game seed: 1818779383319331382

70 Riddle the Charlatan (level 4, 0/51 HPs)
             Began as a Gnoll Artificer on Feb 1, 2022.
             Slain by an orc (2 damage)
             ... on level 3 of the Dungeon.
             The game lasted 00:03:27 (3292 turns).

Riddle the Charlatan (Gnoll Artificer)              Turns: 3292, Time: 00:03:28

Health: 0/51       AC: 22    Str: 14    XL:     4   Next: 22%
Magic:  5/5        EV:  2    Int: 10    God:
Gold:   128        SH:  0    Dex: 18    Spells: 5/5 levels left

rFire   + . .      SeeInvis .   n - +0 great sword
rCold   + . .      Faith    .   (shield currently unavailable)
rNeg    . . .      Spirit   .   (armour currently unavailable)
rPois   +          Reflect  .   (helmet currently unavailable)
rElec   +          Harm     .   (cloak currently unavailable)
rCorr   +          Rampage  .   (gloves currently unavailable)
Will    .....      NoTele   +   (boots currently unavailable)
Stlth   +.........              (no amulet)
HPRegen 0.17/turn               o - +6 ring of dexterity
MPRegen 0.09/turn               (no ring)

@: confused, brilliant, tree-form, resistant
A: stationary, stasis, torment immunity, boosted hp, (fangs 1), strong nose,
distributed training
a: no special abilities


You were on level 3 of the Dungeon.
You were a tree.
You visited 1 branch of the dungeon, and saw 3 of its levels.

You collected 128 gold pieces.

Inventory:

Hand Weapons
 n - a +0 great sword (weapon)
 q - a +0 war axe
Armour
 b - a +0 leather armour (melded)
 i - a +0 plate armour
 k - a scarf of repulsion (melded)
Jewellery
 o - a +6 ring of dexterity (left branch)
Wands
 c - a wand of flame (15) (quivered)
 d - a wand of charming (15)
Scrolls
 a - a scroll of teleportation {unknown}
 f - 4 scrolls of identify {unknown}
 g - a scroll of amnesia {unknown}
 j - a scroll of immolation {unknown}
 p - a scroll of fog {unknown}
 r - a scroll of fear {unknown}
Potions
 h - a potion of lignification
 l - a potion of brilliance
Miscellaneous
 e - a piece from Xom's chessboard (15/15)


   Skills:
 + Level 2.7 Fighting
 + Level 1.0 Short Blades
 + Level 1.0 Long Blades
 + Level 1.0 Axes
 + Level 1.0 Maces & Flails
 + Level 1.0 Polearms
 + Level 1.0 Staves
 + Level 1.0 Slings
 + Level 1.0 Bows
 + Level 1.0 Crossbows
 + Level 1.0 Throwing
 + Level 4.6 Armour
 + Level 2.7 Dodging
 + Level 2.5 Stealth
 + Level 1.0 Shields
 + Level 1.0 Unarmed Combat
 + Level 1.0 Spellcasting
 + Level 0.8 Conjurations
 + Level 0.8 Hexes
 + Level 0.8 Summonings
 + Level 0.8 Necromancy
 + Level 0.8 Translocations
 + Level 0.8 Transmutations
 + Level 0.8 Fire Magic
 + Level 0.8 Ice Magic
 + Level 0.8 Air Magic
 + Level 0.8 Earth Magic
 + Level 0.8 Poison Magic
 + Level 1.1 Invocations
 + Level 6.6 Evocations


You had 5 spell levels left.
You didn't know any spells.
Your spell library contained the following spells:

 Spells                   Type           Power      Damage    Failure   Level
 Corpse Rot               Necr/Air       6%         N/A       36%         2
 Dispel Undead            Necr           3%         3d7       94%         4
 Death Channel            Necr           1%         N/A       100%        6


Dungeon Overview and Level Annotations

Branches:
Dungeon (3/15)

Altars:

Shops:
D:2 =


Innate Abilities, Weirdness & Mutations

You are a tree.
Your roots penetrate the ground, keeping you stationary.
You cannot be teleported.
You are immune to unholy pain and torment.
Your maximum health is greatly increased.
Your equipment is partially melded.
((You have very sharp teeth.))
Your uncanny sense of smell can sniff out nearby items.
Your experience applies equally to all skills.


Message History

You closely miss the orc. The orc misses you. Something hits you.
* * * LOW HITPOINT WARNING * * *
The orc closely misses you.
Unknown command.
Unknown command.
Unknown command.
Unknown command.
Unknown command.
It was a potion of brilliance.
You feel clever all of a sudden. Something hits you.
* * * LOW HITPOINT WARNING * * *
The orc barely misses you.
It was a potion of lignification.
You turn into a tree.
Your scarf of repulsion melds into your body.
Your +0 leather armour melds into your body.
The haze of the repulsion field disappears.
Your roots penetrate the ground.
Something hits you but does no damage. The orc hits you with a +0 club.
* * * LOW HITPOINT WARNING * * *
It was a potion of resistance.
You feel protected.
You hear some strange, mumbled words.
You are more confused.
The orc hits you but does no damage.
Unknown command.
Unknown command.
Unknown command.
You are too confused!
You cannot move. (Use ctrl+direction or * direction to attack without moving.)
You cannot move. (Use ctrl+direction or * direction to attack without moving.)
You cannot move. (Use ctrl+direction or * direction to attack without moving.)
You cannot move. (Use ctrl+direction or * direction to attack without moving.)
You cannot move. (Use ctrl+direction or * direction to attack without moving.)
You cannot move. (Use ctrl+direction or * direction to attack without moving.)
You cannot move. (Use ctrl+direction or * direction to attack without moving.)
You cannot move. (Use ctrl+direction or * direction to attack without moving.)
You completely miss something. Something hits you but does no damage.
The orc hits you with a +0 club.
You die...

#####
#...########
#.#......{♣#
#...######o#
##.## #)#
#.#
#.......#
#.#
#.....).#
#.#
###..####
..# #.# ....
..# #.#
#.### #.#
#.# ##+# #.#


You could see an orc.

Vanquished Creatures
  2 adders (D:2)
  An adder skeleton (D:3)
  A worm (D:3)
  2 orcs (D:3)
  2 ball pythons
  7 endoplasms
  2 giant cockroaches
  A hobgoblin (D:1)
  3 jackals (D:2)
  2 quokkas
  8 bats
  3 frilled lizards
  3 goblins
  3 kobolds
  3 rats
43 creatures vanquished.

Notes
Turn   | Place    | Note
-------+----------+-------------------------------------------
     0 | D:1      | Riddle the Gnoll Artificer began the quest for the Orb.
     0 | D:1      | Reached XP level 1. HP: 17/17 MP: 1/1
   267 | D:1      | Reached XP level 2. HP: 19/23 MP: 2/2
   319 | D:1      | Found a faded altar of an unknown god.
  1286 | D:2      | Found Pukehi's Jewellery Shop.
  1307 | D:2      | Reached XP level 3. HP: 5/28 MP: 3/3
  1623 | D:2      | Reached skill level 1 in Invocations
  2152 | D:2      | Reached skill level 1 in Short Blades
  2152 | D:2      | Reached skill level 1 in Long Blades
  2152 | D:2      | Reached skill level 1 in Axes
  2152 | D:2      | Reached skill level 1 in Maces & Flails
  2152 | D:2      | Reached skill level 1 in Polearms
  2152 | D:2      | Reached skill level 1 in Staves
  2152 | D:2      | Reached skill level 1 in Slings
  2152 | D:2      | Reached skill level 1 in Bows
  2152 | D:2      | Reached skill level 1 in Crossbows
  2152 | D:2      | Reached skill level 1 in Throwing
  2152 | D:2      | Reached skill level 1 in Shields
  2152 | D:2      | Reached skill level 1 in Unarmed Combat
  2152 | D:2      | Reached skill level 1 in Spellcasting
  2664 | D:3      | Reached XP level 4. HP: 34/34 MP: 5/5
  3290 | D:3      | HP: 2/51 [orc (1)]
  3292 | D:3      | Slain by an orc

Illustrated notes

Levels and vault maps discovered:
D:1:      wander_arrival_estate, layout_rooms,
          hellmonk_ecumenical_altar_inner_sanctum
D:2:      layout_loops_ring, serial_shops, nicolae_shop_window_shopping
D:3:      layout_loops_corners, grunt_decor_one_mirror

Skill      XL: |  1  2  3 |
---------------+----------+-----
Invocations    | 1 |  1.1
Short Blades   | 1 |  1.0
Long Blades    | 1 |  1.0
Axes           | 1 |  1.0
Maces & Flails | 1 |  1.0
Polearms       | 1 |  1.0
Staves         | 1 |  1.0
Slings         | 1 |  1.0
Bows           | 1 |  1.0
Crossbows      | 1 |  1.0
Throwing       | 1 |  1.0
Shields        | 1 |  1.0
Unarmed Combat | 1 |  1.0
Spellcasting   | 1 |  1.0
Fighting       | |  2.7
Armour         | |  4.6
Dodging        | |  2.7
Stealth        | |  2.5
Conjurations   | |  0.8
Hexes          | |  0.8
Summonings     | |  0.8
Necromancy     | |  0.8
Translocations | |  0.8
Transmutations | |  0.8
Fire Magic     | |  0.8
Ice Magic      | |  0.8
Air Magic      | |  0.8
Earth Magic    | |  0.8
Poison Magic   | |  0.8
Evocations     | |  6.6

Action                   |  1- 3 |  4- 6 || total
-------------------------+-------+-------++-------
Melee: Club              |    31 |       ||    31
       Bite              |    11 |     6 ||    17
       Hand axe          |    89 |    11 ||   100
       Great sword       |       |    20 ||    20
       War axe           |       |    11 ||    11
  Use: Potion            |       |     3 ||     3
 Stab: Sleeping          |     8 |     2 ||    10
Armor: Leather armour    |    51 |     9 ||    60
       Skin              |       |     3 ||     3
Dodge: Dodged            |    66 |    38 ||   104

Table legend: (Time is in decaauts)
 A = Elapsed time spent in this place.
 B = Non-inter-level travel time spent in this place.
 C = Inter-level travel time spent in this place.
 D = Time resting spent in this place.
 E = Time spent auto-exploring this place.
 F = Levels seen in this place.
 G = Mean time per level.
                   A        B        C        D        E       F      G
               +--------+--------+--------+--------+--------+-----+--------+
         Total |   3343 |   3285 |     58 |    481 |   2313 |   3 | 1114.3 |
       Dungeon |   3343 |   3285 |     58 |    481 |   2313 |   3 | 1114.3 |
               +--------+--------+--------+--------+--------+-----+--------+

Top non-repeatable levels by time:
     D:2: 1394 daAuts
     D:1: 1057 daAuts
     D:3: 892 daAuts
